 Dungeon Crawl Stone Soup version 0.29.1-1-gd02db6906a (webtiles) character file.

Game seed: 4908764774596020008

230377 OwlCat the Peltast (level 19, -4/127 HPs)
             Began as a Gargoyle Fighter on Oct 18, 2022.
             Was a High Priest of Okawaru.
             Killed by divine providence
             ... invoked by a meliai
              (10 damage)
             ... on level 15 of the Dungeon.
             The game lasted 04:12:29 (44213 turns).

OwlCat the Peltast (Gargoyle Fighter)              Turns: 44213, Time: 04:12:30

Health: -4/127     AC: 44    Str: 35    XL:     19   Next: 2%
Magic:  30/32      EV: 15    Int: 13    God:    Okawaru [*****.]
Gold:   1916       SH: 28    Dex: 13    Spells: 18/18 levels left

rFire   . . .      SeeInvis .   M - +10 morningstar "Eos" {elec, Halo rElec}
rCold   . . .      Faith    .   J - +1 tower shield
rNeg    + . .      Spirit   .   y - +4 chain mail "Vorribob" {rCorr}
rPois   ∞          Reflect  +   x - +0 helmet "Qanuonel" {Str+2 Int+3 Dex+4 Stlth-}
rElec   +          Harm     .   F - +2 cloak {rCorr}
rCorr   +          Rampage  +   X - +2 pair of gloves {hurl}
Will    +....      Rage     3%  I - +2 pair of boots {rampage}
Stlth   ..........              W - amulet of reflection
HPRegen 0.00/turn               R - +6 ring of strength
MPRegen 0.23/turn               r - +4 ring of evasion

@: heroic, on berserk cooldown, flying, inhibited regen, slowed, glowing, very
slow
A: sickness immunity, AC +14, big wings, negative energy resistance 1,
electricity resistance, torment resistance 1, petrification resistance, berserk
1, deformed body, high MP 1, screaming 1, inhibited regeneration, subdued magic
1
}: 2/15 runes: barnacled, gossamer
a: Renounce Religion, Heroism, Finesse, Duel


You were on level 15 of the Dungeon.
You worshipped Okawaru.
Okawaru was extremely pleased with you.
You visited 6 branches of the dungeon, and saw 31 of its levels.
You visited the Abyss 1 time.
You also visited: Gauntlet.

You collected 3396 gold pieces.
You spent 1480 gold pieces at shops.

Inventory:

Hand Weapons
 e - a +2 eveningstar of flaming
 p - the +8 mace of Qoaryile {vorpal, *Rage rCorr Str+2 Stlth+}
   (Okawaru gifted it to you on level 2 of the Abyss)

   It inflicts extra damage upon your enemies.
   Str:       It affects your strength (+2).
   *Rage:     It berserks you when you make melee attacks (+20% chance).
   rCorr:     It protects you from acid and corrosion.
   Stlth:     It makes you more stealthy.
 E - the +10 demon whip "Ysockilo" {drain, Str+3 Dex+3}
   (Okawaru gifted it to you on level 2 of the Orcish Mines)

   A truly terrible weapon, it drains the life of any living foe it strikes.
   Str:       It affects your strength (+3).
   Dex:       It affects your dexterity (+3).
 M - the +10 morningstar "Eos" (weapon) {elec, Halo rElec}
   (You bought it in a shop on level 4 of the Dungeon)

   It occasionally discharges a powerful burst of electricity upon striking a
   foe.
   It grants its wielder a halo, revealing invisible creatures and increasing
   accuracy against all within it other than the wielder.
   rElec:     It insulates you from electricity.
Missiles
 o - 3 silver boomerangs
 q - 5 boomerangs of dispersal
 u - 38 boomerangs
 A - a throwing net
 H - 3 curare-tipped darts (quivered)
 Z - 17 javelins
Armour
 x - the +0 helmet "Qanuonel" (worn) {Str+2 Int+3 Dex+4 Stlth-}
   (Okawaru gifted it to you on level 1 of the Spider Nest)

   Str:       It affects your strength (+2).
   Int:       It affects your intelligence (+3).
   Dex:       It affects your dexterity (+4).
   Stlth:     It makes you less stealthy.
 y - the +4 chain mail "Vorribob" (worn) {rCorr}
   (Okawaru gifted it to you on level 4 of the Lair of Beasts)

   rCorr:     It protects you from acid and corrosion.
 F - a +2 cloak of preservation (worn)
 I - a +2 pair of boots of rampaging (worn)
 J - a +1 tower shield (worn)
 P - a scarf of resistance
 X - a +2 pair of gloves of hurling (worn)
Jewellery
 r - a +4 ring of evasion (right hand)
 v - the amulet "Diveygag" {Faith rF+}
   (You found it in a Gauntlet)

   [amulet of faith]

   It allows you to gain divine favour quickly.
   rF:        It protects you from fire.
 R - a +6 ring of strength (left hand)
 W - an amulet of reflection (around neck)
Wands
 c - a wand of iceblast (18)
 i - a wand of polymorph (4)
 j - a wand of acid (7)
 m - a wand of flame (10)
 T - a wand of digging (2)
 U - a wand of mindburst (34)
Scrolls
 a - 3 scrolls of poison
 f - 12 scrolls of teleportation
 h - 4 scrolls of magic mapping
 l - 5 scrolls of fear
 s - 3 scrolls of blinking
 t - 9 scrolls of identify
 S - 4 scrolls of silence
 Y - 3 scrolls of amnesia
Potions
 b - a potion of magic
 d - 10 potions of might
 g - 7 potions of heal wounds
 k - 2 potions of resistance
 n - 5 potions of curing
 z - 6 potions of haste
 C - 2 potions of ambrosia
 K - 2 potions of cancellation
Miscellaneous
 L - a phial of floods


   Skills:
 + Level 16.8(21.8) Fighting
 - Level 16.0(21.0) Maces & Flails
 + Level 8.9(13.9) Throwing
 + Level 16.7(21.7) Armour
 - Level 16.9(21.9) Shields
 - Level 13.9 Invocations


You had 18 spell levels left.
You didn't know any spells.
Your spell library contained the following spells:

 Spells                   Type           Power      Damage    Failure   Level
 Freeze                   Ice            0%         1d3       71%         1
 Shock                    Conj/Air       0%         1d3       71%         1
 Ensorcelled Hibernation  Hex/Ice        0%         N/A       85%         2
 Passwall                 Tmut/Erth      0%         N/A       85%         2
 Poisonous Vapours        Pois/Air       0%         N/A       85%         2
 Confusing Touch          Hex            0%         N/A       97%         3
 Frozen Ramparts          Ice            0%         1d1       97%         3
 Gell's Gravitas          Tloc           0%         N/A       97%         3
 Ignite Poison            Fire/Tmut/Pois 0%         N/A       97%         3
 Inner Flame              Hex/Fire       0%         N/A       97%         3
 Mephitic Cloud           Conj/Pois/Air  0%         N/A       97%         3
 Swiftness                Air            0%         N/A       97%         3
 Teleport Other           Tloc           0%         N/A       97%         3
 Airstrike                Air            0%         2d(0-16)  100%        4
 Cause Fear               Hex            0%         N/A       100%        4
 Corpse Rot               Necr/Pois/Air  0%         N/A       100%        4
 Hailstorm                Conj/Ice       0%         3d3       100%        4
 Passage of Golubria      Tloc           0%         N/A       100%        4
 Alistair's Intoxication  Tmut/Pois      0%         N/A       100%        5
 Borgnjor's Vile Clutch   Necr/Erth      0%         N/A       100%        5
 Freezing Cloud           Conj/Ice/Air   0%         6-21      100%        5
 Silence                  Hex/Air        0%         N/A       100%        5
 Yara's Violent Unravell  Hex/Tmut       0%         3d3       100%        5
 Dispersal                Tloc           0%         N/A       100%        6
 Eringya's Noxious Bog    Tmut/Pois      0%         N/A       100%        6
 Enfeeble                 Hex            0%         N/A       100%        7
 Discord                  Hex            0%         N/A       100%        8
 Lehudib's Crystal Spear  Conj/Erth      0%         10d2      100%        8
 Summon Small Mammal      Summ           Unusable   N/A       N/A         1
 Summon Guardian Golem    Hex/Summ       Unusable   N/A       N/A         3
 Tukima's Dance           Hex            Unusable   N/A       N/A         3
 Summon Forest            Summ/Tloc      Unusable   N/A       N/A         5

Dungeon Overview and Level Annotations

Branches:
Dungeon (15/15)            Temple (1/1) D:7            Lair (5/5) D:11
 Shoals (4/4) Lair:2       Spider (4/4) Lair:2        Slime (0/5) Lair:5
    Orc (2/2) D:9             Elf (0/3) Orc:2        Vaults (0/5) D:13
Gauntlet (visited)
 Depths: D:15

Altars:
Ashenzari
Cheibriados
Dithmenos
Elyvilon
Fedhas
Gozag
Hepliaklqana
Kikubaaqudgha
Makhleb
Nemelex Xobeh
Okawaru
Qazlal
Ru
Sif Muna
Trog
Uskayaw
Vehumet
Wu Jian
Xom
Yredelemnul
Zin
The Shining One

Shops:
D:4 (   Orc:2 *[([

Annotations:
D:8 1 transporter
Lair:5 3 runed translucent doors, manix's ghost, journeyman MfSu
Spider:3 2 transporters, exclusion: orange crystal statue


Innate Abilities, Weirdness & Mutations

You are immune to sickness and miasma.
Your stone body is resilient. (AC +14)
You are immune to poison.
Your large and strong wings let you fly.
You resist negative energy. (rN+)
You are resistant to electric shocks. (rElec)
You are resistant to unholy torment.
You are immune to petrification.
You sometimes lose your temper in combat.
Armour fits poorly on your strangely shaped body.
You have an increased reservoir of magic. (+10% MP)
You occasionally shout uncontrollably at your foes.
You do not regenerate when monsters are visible.
Your spells are a little easier to cast, but a little less powerful.


Message History

You block the meliai's attack. The meliai barely misses you.
A meliai comes into view. It is wielding a +0 hand axe.
The meliai closely misses you. You block the meliai's attack.
You completely miss the meliai.
The meliai buzzes angrily.
You block the meliai's attack. x2; The meliai barely misses you.
The meliai stings you but does no damage.
The meliai calls down the wrath of its god upon you.
Something smites you!
You hear an angry buzzing noise.
You completely miss the meliai. The meliai closely misses you.
You block the meliai's attack. The meliai closely misses you.
You block the meliai's attack.
A meliai comes into view. It is wielding a +0 hand axe.
You block the meliai's attack. The meliai completely misses you.
The meliai invokes the aid of its god against you.
Something smites you!
* * * LOW HITPOINT WARNING * * *
You block the meliai's attack. x2; The meliai barely misses you.
The meliai closely misses you. The meliai hits you but does no damage.
The meliai closely misses you. The meliai barely misses you.
You block the meliai's attack.
You block the meliai's attack. x2; The meliai misses you.
You block the meliai's attack. The meliai barely misses you.
The meliai closely misses you.
The meliai calls down the wrath of its god upon you.
Something smites you!
* * * LOW HITPOINT WARNING * * *
You block the meliai's attack.
The meliai stings you but does no damage.
You feel more confident with your borrowed prowess.
You block the meliai's attack. x2
The meliai calls down the wrath of its god upon you.
Something smites you!
* * * LOW HITPOINT WARNING * * *
The meliai completely misses you.
The meliai stings you but does no damage.
The meliai mumbles some strange prayers to its god against you.
Something smites you!
You die... # #. # #..##################### #...yyy@.............).. ########################

You could see 3 meliai.

Vanquished Creatures
  Arachne (Spider:4)
  Rupert (D:13)
  Mlioglotl (Shoals:3)
  A kraken (Shoals:1)
  Frances (D:14)
  Donald (Shoals:3)
  11 ghost moths
  A cacodemon (Abyss:2)
  6 emperor scorpions
  2 orc warlords
  An ironbound preserver (D:13)
  2 broodmothers
  5 very ugly things (Abyss:2)
  The ghost of Demigod47 the Basher, a journeyman MiFi of Nemelex Xobeh (Spider:1)
  A dire elephant (Lair:5)
  A bunyip (Abyss:2)
  A minotaur (Gauntlet)
  7 entropy weavers
  4 spark wasps
  A blizzard demon (Spider:1)
  3 merfolk javelineers (Shoals:4)
  7 merfolk impalers
  The ghost of rubinsalamander the Thaumaturge, a journeyman GnWr of the Shining One (Orc:2)
  7 hydras
  2 ogre magi
  A radroach (Spider:2)
  4 jorogumos
  3 alligator snapping turtles (Shoals:4)
  5 boulder beetles
  3 catoblepae
  A satyr (Shoals:4)
  6 centaur warriors
  8 two-headed ogres
  3 merfolk avatars
  A merfolk aquamancer (Shoals:4)
  A deep troll shaman (Lair:5)
  2 tengu warriors
  15 death yaks
  Urug (Lair:1)
  2 orc high priests (Orc:2)
  3 thrashing horrors (Abyss:2)
  A soul eater (Gauntlet)
  3 sixfirhies
  2 sun moths
  A fire crab (Lair:4)
  A shadow wraith (Abyss:2)
  3 pharaoh ants
  11 sea snakes
  10 steelbarb worms
  7 orb spiders
  An anaconda skeleton (Abyss:2)
  An orange crystal statue (Shoals:1)
  A kraken simulacrum (Shoals:4)
  A wizard (D:15)
  A deep elf pyromancer (D:14)
  7 harpies (Shoals:4)
  19 wolf spiders
  11 manticores
  6 orc sorcerers
  6 orc knights
  4 fauns (Shoals:2)
  An oklob plant (Lair:4)
  4 ugly things
  10 cyclopes
  5 moths of wrath
  11 elephants
  4 black mambas
  Maurice (D:8)
  3 water nymphs
  6 merfolk sirens
  13 cane toads
  4 torpor snails
  2 gargoyles
  A dire elephant skeleton (Abyss:2)
  A rime drake (Lair:3)
  2 unseen horrors
  7 demonic crawlers
  6 komodo dragons
  5 kobold demonologists
  An efreet (D:13)
  4 tengu conjurers
  3 hellwings (Abyss:2)
  12 trolls
  25 merfolk
  24 tarantellas
  2 wind drakes (Shoals:4)
  3 polar bears
  6 meliai
  A queen bee (Spider:4)
  18 blink frogs
  3 raiju (Abyss:2)
  15 dream sheep
  25 jumping spiders
  17 snapping turtles
  24 culicivoras
  3 flying skulls (Abyss:2)
  3 centaur simulacra
  3 vampires
  A water elemental (Shoals:4)
  A wyvern (D:9)
  A ynoxinul (Abyss:2)
  4 wraiths
  6 starcursed masses (Abyss:2)
  16 yaks
  4 large abominations (Abyss:2)
  4 small abominations (Abyss:2)
  A neqoxec (Abyss:2)
  60 redbacks
  14 vampire mosquitoes
  A harpy simulacrum (Gauntlet)
  3 wargs
  14 water moccasins
  2 acid dragons
  44 orc warriors
  2 sky beasts
  7 ogres
  A black bear (Lair:1)
  4 ice beasts
  18 wolves
  3 boggarts (D:14)
  4 centaurs
  3 phantoms
  8 kobold brigands
  16 bullfrogs
  8 scorpions
  3 necrophages
  5 wights (D:7)
  26 killer bees
  2 howler monkeys
  2 electric eels
  2 lava snakes
  A hound (D:6)
  21 orc priests
  Crazy Yiuf (D:3)
  4 jellies
  2 gnoll boudas
  3 iguanas
  26 orc wizards
  14 gnolls
  11 adders
  6 shadow imps
  7 white imps
  5 ufetubi
  2 worms
  5 dart slugs
  80 orcs
  8 ball pythons
  8 endoplasms
  3 giant cockroaches
  7 goblins
  7 hobgoblins
  5 jackals
  29 kobolds
  A quokka (D:4)
  5 bats
  2 frilled lizards
  5 rats
  A butterfly (Lair:1)
  5 tentacles (Shoals:1)
1068 creatures vanquished.

Vanquished Creatures (collateral kills)
  An ogre (D:6)
1 creature vanquished.

Vanquished Creatures (others)
  A kobold brigand (D:9)
  An orc wizard (Orc:2)
  20 fungi
  A lurking horror (Abyss:2)
  83 plants
  11 tentacles
117 creatures vanquished.

Grand Total: 1186 creatures vanquished

Notes
Turn   | Place    | Note
-------+----------+-------------------------------------------
     0 | D:1      | OwlCat the Gargoyle Fighter began the quest for the Orb.
     0 | D:1      | Reached XP level 1. HP: 14/14 MP: 1/1
   198 | D:1      | Reached XP level 2. HP: 11/19 MP: 2/2
   989 | D:1      | Reached XP level 3. HP: 21/24 MP: 3/3
  1114 | D:2      | Found a faded altar of an unknown god.
  1402 | D:2      | Reached XP level 4. HP: 29/29 MP: 4/4
  2439 | D:3      | Found a runed translucent door.
  2440 | D:3      | Noticed Crazy Yiuf
  2447 | D:3      | Killed Crazy Yiuf
  2448 | D:3      | Reached XP level 5. HP: 33/33 MP: 5/5
  2553 | D:3      | Found a shimmering altar of Xom.
  2819 | D:4      | Noticed a phantom
  2917 | D:4      | Identified the +0 cloak of Laur {rN+}
  3034 | D:4      | Found Zuket's Antique Weapon Shop.
  3086 | D:4      | Reached XP level 6. HP: 39/39 MP: 6/6
  3184 | D:4      | Identified the +1 dagger of Ofoip {antimagic, rElec rF+
                  | Str+3 Int-4}
  3424 | D:4      | Reached XP level 7. HP: 44/44 MP: 7/7
  3514 | D:4      | Reached skill level 5 in Shields
  3656 | D:4      | Reached skill level 5 in Fighting
  3656 | D:4      | Reached skill level 5 in Armour
  3674 | D:4      | Reached skill level 5 in Maces & Flails
  3799 | D:5      | Entered Level 5 of the Dungeon
  4030 | D:5      | Found a burning altar of Makhleb.
  4259 | D:5      | Reached XP level 8. HP: 25/50 MP: 8/8
  4439 | D:5      | Found a basalt altar of Yredelemnul.
  4439 | D:5      | Found a glowing golden altar of the Shining One.
  4443 | D:5      | Found a glowing silver altar of Zin.
  4454 | D:5      | Became a worshipper of the Shining One
  4489 | D:5      | Found a shimmering blue altar of Sif Muna.
  4775 | D:6      | HP: 1/51 [centaur/arrow (10)]
  4777 | D:6      | The Shining One protects you from harm!
  5094 | D:6      | Noticed a kobold demonologist
  5095 | D:6      | Noticed a kobold demonologist
  5105 | D:6      | Noticed an orange demon
  5515 | D:6      | Noticed an orange demon
  5610 | D:6      | Noticed a sun demon
  5618 | D:6      | Killed a kobold demonologist
  5619 | D:6      | Reached XP level 9. HP: 40/56 MP: 9/9
  5630 | D:6      | Killed a kobold demonologist
  5771 | D:6      | Reached * piety under the Shining One
  6537 | D:7      | Found a staircase to the Ecumenical Temple.
  6546 | Temple   | Entered the Ecumenical Temple
  6624 | Temple   | Fell from the grace of the Shining One
  6624 | Temple   | Became a worshipper of Warmaster Okawaru
  7000 | D:7      | Found a white marble altar of Elyvilon.
  7396 | D:7      | Reached XP level 10. HP: 59/63 MP: 10/10
  8006 | D:8      | Reached * piety under Okawaru
  8320 | D:8      | Noticed Maurice
  8575 | D:8      | Killed Maurice
  9140 | D:8      | Found a sparkling altar of Nemelex Xobeh.
  9140 | D:8      | Found a transporter.
  9584 | D:9      | Noticed a two-headed ogre
  9609 | D:9      | Killed a two-headed ogre
  9727 | D:9      | Noticed a two-headed ogre
  9851 | D:9      | Killed a two-headed ogre
  9851 | D:9      | Reached ** piety under Okawaru
  9852 | D:9      | Reached skill level 10 in Maces & Flails
  9920 | D:9      | Identified the +3 leather armour of the Lute {Str+3 Stlth+}
 10200 | D:9      | Found a staircase to the Orcish Mines.
 10256 | D:10     | Entered Level 10 of the Dungeon
 10295 | D:10     | Noticed an ogre mage
 10345 | D:10     | Noticed an orc sorcerer
 10346 | D:10     | Noticed a cyclops
 10425 | D:10     | Reached skill level 1 in Invocations
 10645 | D:10     | Found a blossoming altar of Fedhas.
 10672 | D:10     | Reached XP level 11. HP: 69/69 MP: 10/12
 11205 | D:10     | Found a transporter.
 11208 | D:10     | Found a transporter.
 11405 | D:11     | Found a staircase to the Lair.
 11481 | D:11     | Noticed a two-headed ogre
 11514 | D:11     | Killed a two-headed ogre
 11514 | D:11     | Reached *** piety under Okawaru
 12012 | D:11     | HP: 2/71 [something (7)]
 12020 | Lair:1   | Entered Level 1 of the Lair of Beasts
 12423 | Lair:1   | Noticed a catoblepas
 12454 | Lair:1   | Killed a catoblepas
 12454 | Lair:1   | Reached **** piety under Okawaru
 12899 | Lair:1   | Reached ***** piety under Okawaru
 13723 | Lair:1   | Noticed Urug
 13750 | Lair:1   | Killed Urug
 13751 | Lair:1   | Reached skill level 10 in Fighting
 13751 | Lair:1   | Reached skill level 10 in Armour
 13751 | Lair:1   | Reached skill level 10 in Shields
 13751 | Lair:1   | Reached skill level 5 in Invocations
 13751 | Lair:1   | Reached XP level 12. HP: 73/77 MP: 15/15
 14763 | Lair:1   | Received a gift from Okawaru
 15244 | Lair:2   | Noticed a seven-headed hydra
 15255 | Lair:2   | Killed a seven-headed hydra
 15406 | Lair:2   | Found a staircase to the Shoals.
 15583 | Lair:2   | Found a glowing silver altar of Zin.
 15929 | Lair:1   | Received a gift from Okawaru
 16102 | Lair:2   | Found a hole to the Spider Nest.
 16518 | Lair:3   | Noticed a five-headed hydra
 16527 | Lair:3   | Killed a five-headed hydra
 16527 | Lair:3   | Received a gift from Okawaru
 16738 | Lair:3   | Noticed a seven-headed hydra
 16765 | Lair:3   | Killed a seven-headed hydra
 16903 | Lair:3   | Noticed an eight-headed hydra
 16909 | Lair:3   | Killed an eight-headed hydra
 17043 | Lair:3   | Reached XP level 13. HP: 58/84 MP: 19/19
 18272 | Lair:4   | Identified the +4 chain mail "Vorribob" {rCorr} (Okawaru
                  | gifted it to you on level 4 of the Lair of Beasts)
 18272 | Lair:4   | Received a gift from Okawaru
 18753 | Lair:4   | You fall into a shaft and drop 1 floor!
 18753 | Lair:5   | Entered Level 5 of the Lair of Beasts
 18874 | Lair:5   | Found a staircase to the Slime Pits.
 19038 | Lair:5   | Reached skill level 10 in Invocations
 19417 | Lair:4   | Reached ****** piety under Okawaru
 20063 | Lair:4   | Received a gift from Okawaru
 20076 | Lair:4   | Gained mutation: Your large and strong wings let you fly.
                  | [Gargoyle growth]
 20076 | Lair:4   | Reached XP level 14. HP: 68/91 MP: 22/22
 20374 | Lair:5   | Found a runed translucent gate.
 20374 | Lair:5   | Found a runed translucent gate.
 20375 | Lair:5   | Found a runed translucent gate.
 20378 | Lair:5   | Noticed manix's ghost (journeyman MfSu)
 20721 | Lair:5   | Received a gift from Okawaru
 21262 | Lair:5   | Noticed a dire elephant
 21295 | Lair:5   | Killed a dire elephant
 23332 | D:12     | Received a gift from Okawaru
 24364 | D:13     | Found a gate to the Vaults.
 24364 | D:13     | Noticed an ironbound preserver
 24507 | D:13     | Reached XP level 15. HP: 43/97 MP: 17/24
 24525 | D:13     | Found a gate leading to a gauntlet.
 24534 | Gauntlet | Entered a Gauntlet
 24534 | Gauntlet | Found a transporter.
 24534 | Gauntlet | Found a transporter.
 24723 | Gauntlet | Found a transporter.
 24739 | Gauntlet | Found a transporter.
 24753 | Gauntlet | Found a transporter.
 24753 | Gauntlet | Found a transporter.
 24756 | Gauntlet | Found a transporter.
 24756 | Gauntlet | Found a transporter.
 24758 | Gauntlet | Found a transporter.
 24768 | Gauntlet | Found a transporter.
 24784 | Gauntlet | Found a runed translucent gate.
 24785 | Gauntlet | Found a transporter.
 24785 | Gauntlet | Found a runed translucent gate.
 24786 | Gauntlet | Found a runed translucent gate.
 24795 | Gauntlet | Found a transporter.
 24812 | Gauntlet | Found a transporter.
 24830 | Gauntlet | Found a transporter.
 25198 | Gauntlet | Identified the amulet "Diveygag" {Faith rF+}
 25316 | Gauntlet | Identified the +1 ring mail of Grot {+Inv rN++}
 25316 | Gauntlet | Identified the +1 cloak of Ususeefo {rPois}
 25816 | D:4      | Bought the +10 morningstar "Eos" {elec, Halo rElec} for
                  | 1480 gold pieces
 25816 | D:4      | Found the +10 morningstar "Eos" {elec, Halo rElec}
 26011 | Orc:1    | Entered Level 1 of the Orcish Mines
 26233 | Orc:2    | Entered Level 2 of the Orcish Mines
 26233 | Orc:2    | Found a staircase to the Elven Halls.
 26303 | Orc:2    | Paralysed by something for 5 turns
 26312 | Orc:2    | Gained mutation: Your spells are a little easier to cast,
                  | but a little less powerful. [a neqoxec]
 26313 | Orc:2    | Gained mutation: You are occasionally teleported next to
                  | monsters. [a neqoxec]
 26732 | Orc:2    | Paralysed by an ogre mage for 4 turns
 26945 | Orc:2    | Found a runed translucent gate.
 26945 | Orc:2    | Found a runed translucent gate.
 26948 | Orc:2    | Found a runed translucent gate.
 26950 | Orc:2    | Noticed rubinsalamander's ghost (journeyman GnWr)
 26953 | Orc:2    | Identified the +1 chain mail of the Farrier {Contam Str+5}
 26970 | Orc:2    | Identified the +2 spear of Zajag {drain, rN+ rCorr}
                  | (Okawaru gifted it to you on level 2 of the Orcish Mines)
 26970 | Orc:2    | Received a gift from Okawaru
 27135 | Orc:2    | Found Nudiar's Armour Shoppe.
 27221 | Orc:2    | Noticed an orc warlord
 27301 | Orc:1    | Killed an orc warlord
 27644 | Orc:2    | Paralysed by an orc sorcerer for 3 turns
 27885 | Orc:2    | Identified the +1 ring mail of Ibielu {rCorr}
 27887 | Orc:2    | Identified the ring "Kyimaiq" {rElec rCorr}
 28010 | Orc:2    | Found Punuh's Assorted Antiques.
 28242 | Orc:2    | Paralysed by an orc sorcerer for 2 turns
 28297 | Orc:2    | Noticed an orc warlord
 28326 | Orc:2    | Killed an orc warlord
 28382 | Orc:2    | Found Bisu's Antique Weapon Boutique.
 28385 | Orc:2    | Found Xeucs's Antique Armour Shop.
 29032 | Orc:2    | Killed rubinsalamander's ghost
 29075 | Orc:2    | Identified the +10 demon whip "Ysockilo" {drain, Str+3
                  | Dex+3} (Okawaru gifted it to you on level 2 of the Orcish
                  | Mines)
 29075 | Orc:2    | Received a gift from Okawaru
 29443 | Spider:1 | Entered Level 1 of the Spider Nest
 29480 | Spider:1 | Noticed an emperor scorpion
 29495 | Spider:1 | Killed an emperor scorpion
 29742 | Spider:1 | Reached skill level 15 in Maces & Flails
 29752 | Spider:1 | Noticed a ghost moth
 29756 | Spider:1 | Killed a ghost moth
 30059 | Spider:1 | Reached XP level 16. HP: 104/104 MP: 25/25
 30219 | Spider:1 | Found a runed translucent gate.
 30220 | Spider:1 | Found a runed translucent gate.
 30221 | Spider:1 | Found a runed translucent gate.
 30222 | Spider:1 | Noticed Demigod47's ghost (journeyman MiFi)
 30889 | Spider:1 | Identified the +0 helmet "Qanuonel" {Str+2 Int+3 Dex+4
                  | Stlth-} (Okawaru gifted it to you on level 1 of the Spider
                  | Nest)
 30889 | Spider:1 | Received a gift from Okawaru
 31117 | Spider:1 | Paralysed by a Zot trap for 3 turns
 31135 | Spider:1 | Gained mutation: Armour fits poorly on your strangely
                  | shaped body. [mutagenic glow]
 31154 | Spider:1 | Lost mutation: You are occasionally teleported next to
                  | monsters. [mutagenic glow]
 31173 | Spider:1 | Killed Demigod47's ghost
 31229 | Spider:1 | Identified the +3 shortbow "Myrar" {flame, rN+ Str+5
                  | Stlth-}
 31231 | Spider:1 | Identified the +0 helmet of Sunlight {Int+4 Dex+4}
 31698 | Spider:2 | Reached skill level 15 in Shields
 32397 | Spider:3 | Found a transporter.
 32472 | Spider:3 | Received a gift from Okawaru
 32728 | Spider:3 | Found a transporter.
 33296 | Spider:4 | Entered Level 4 of the Spider Nest
 33833 | Spider:3 | Reached skill level 1 in Throwing
 34156 | Spider:4 | Received a gift from Okawaru
 34163 | Spider:4 | Reached XP level 17. HP: 110/110 MP: 26/26
 35878 | Spider:4 | Noticed Arachne
 35903 | Spider:4 | Identified the +0 helmet of the Sea {Will+} (Okawaru gifted
                  | it to you on level 4 of the Spider Nest)
 35903 | Spider:4 | Received a gift from Okawaru
 35912 | Spider:4 | Killed Arachne
 36003 | Spider:4 | Got a gossamer rune of Zot
 36851 | Shoals:1 | Entered Level 1 of the Shoals
 37317 | Shoals:1 | Noticed a kraken
 37343 | Shoals:1 | Killed a kraken
 37344 | Shoals:1 | Reached skill level 5 in Throwing
 38112 | Shoals:2 | Reached skill level 15 in Fighting
 38784 | Shoals:3 | Reached skill level 15 in Armour
 39128 | Shoals:3 | Reached XP level 18. HP: 119/119 MP: 28/28
 39254 | Shoals:3 | Noticed Mlioglotl
 39267 | Shoals:3 | Killed Mlioglotl
 39280 | Shoals:3 | Noticed Donald
 39300 | Shoals:3 | Killed Donald
 39341 | Shoals:3 | Identified the +4 falchion "Zeogom" {flame, rPois rF+ Str+2
                  | Dex+2}
 39882 | Shoals:4 | Entered Level 4 of the Shoals
 40879 | Shoals:4 | Got a barnacled rune of Zot
 40890 | Shoals:4 | Received a gift from Okawaru
 40903 | Shoals:4 | Found the +2 shield of Resistance {rF++ rC++ Will++}
 41508 | Shoals:4 | Got the Omnibus of the Commander
 42457 | D:13     | Noticed Rupert
 42470 | D:13     | Killed Rupert
 42565 | D:13     | Received a gift from Okawaru
 43007 | D:14     | Found a sparkling altar of Nemelex Xobeh.
 43114 | D:14     | Found a glowing silver altar of Zin.
 43116 | D:14     | Found a glowing golden altar of the Shining One.
 43117 | D:14     | Found a white marble altar of Elyvilon.
 43199 | D:14     | Noticed Frances
 43206 | D:14     | Killed Frances
 43528 | D:15     | Entered Level 15 of the Dungeon
 43796 | D:15     | Identified the +0 robe "Jatuab" {Will+ Int+4 Dex+4}
 43813 | Abyss:2  | Cast into level 2 of the Abyss (a wizard)
 43859 | Abyss:2  | Gained mutation: You have an increased reservoir of magic.
                  | (+10% MP) [a neqoxec]
 43913 | Abyss:2  | Gained mutation: You occasionally shout uncontrollably at
                  | your foes. [a cacodemon]
 43922 | Abyss:2  | Gained mutation: You do not regenerate when monsters are
                  | visible. [a cacodemon]
 43923 | Abyss:2  | Gained mutation: You sometimes lose your temper in combat.
                  | [a cacodemon]
 43943 | Abyss:2  | Received a gift from Okawaru
 44124 | Abyss:2  | Identified the +8 mace of Qoaryile {vorpal, *Rage rCorr
                  | Str+2 Stlth+} (Okawaru gifted it to you on level 2 of the
                  | Abyss)
 44124 | Abyss:2  | Received a gift from Okawaru
 44159 | Abyss:2  | Reached XP level 19. HP: 88/127 MP: 32/32
 44175 | Abyss:2  | Paralysed by accursed screaming for 1 turns
 44187 | D:15     | Escaped the Abyss
 44213 | D:15     | HP: 6/127 [meliai/divine providence (16)]
 44213 | D:15     | Killed from afar by a meliai

Illustrated notes

Levels and vault maps discovered:
D:1:      minmay_arrival_jagged, layout_basic, minmay_misc_feat_more_columns
D:2:      layout_basic, hellmonk_ecumenical_altar_zigzags, minmay_pentomino_q4
D:3:      layout_basic, marbit_many_paths, minmay_randomly_rotated_circles,
          uniq_crazy_yiuf_cottage
D:4:      minmay_skewed_foursquare, layout_basic, serial_shops, shop
D:5:      layout_loops_cross, mainiacjoe_overflow_cross_hatched, bloody_makhleb,
          minitemple
D:6:      layout_loops_cross
D:7:      layout_loops_corners, overflow_temple_1_default,
          minmay_temple_entry_statues
D:8:      layout_rooms, grunt_nemelex_the_gamble, kennysheep_donut, uniq_maurice
D:9:      layout_rooms, kennysheep_generic_room_8
D:10:     gammafunk_beogh_shrine, layout_basic, kennysheep_mini_moat,
          corexii_checkpoint_a
D:11:     layout_long_grid, grunt_lair_entry_orc_guard_hut
D:12:     layout_layer_cave
D:13:     layout_loops_ring, skrybe_vaults_entry_preservation, serial_ice,
          serial_ice_i, serial_ice_b, serial_ice_a, serial_ice_n,
          gauntlet_entry_generic, hangedman_ranch, uniq_rupert
D:14:     layout_loops_cross, good_gods_temple_1,
          nemelex_xobeh_ov_fountains_minmay, uniq_frances
D:15:     grunt_enter_depths_hoard, layout_long_grid, gammafunk_ghost_hive,
          lemuel_coloured_pillars_altar
Temple:   dshaligram_water_room_temple
Lair:1:   layout_roguey, lemuel_fruit_fields, uniq_urug
Lair:2:   layout_chaotic_city, minmay_shoals_entry_hut,
          nicolae_spider_entry_orb_guardian, basic_altar
Lair:3:   layout_cave_pods, hibernation_bobbens
Lair:4:   layout_regular_city
Lair:5:   grunt_lair_end_beastmaster, layout_long_grid,
          nicolae_slime_entry_slimehenge, gammafunk_ghost_hydra_chop,
          minivault_25, serial_bayou_pond_e, patterned_corridor
Shoals:1: layout_shoals, dpeg_stationary_puzzle
Shoals:2: layout_shoals
Shoals:3: layout_shoals, uniq_donald, uniq_mlioglotl
Shoals:4: shoals_end_grunt_ice, layout_shoals
Spider:1: layout_chambers, gammafunk_ghost_tricky_traps
Spider:2: nicolae_spider_hall_of_the_moth_king
Spider:3: gammafunk_sealed_arena, drop_trap, nicolae_spider_spiderdrome,
          nicolae_spider_cling_halls
Spider:4: johnstein_spider_rune_arachne_lair, nicolae_looking_at_the_future
Orc:1:    layout_diamond_mine
Orc:2:    grunt_orc_community_town_hall, layout_caves,
          grunt_orc_community_big_house_1, grunt_orc_community_big_house_1,
          grunt_orc_community_house_2, grunt_orc_community_house_1,
          grunt_orc_community_house_1, grunt_orc_community_house_3,
          grunt_orc_community_house_3, biasface_ghost_orc_armoury,
          nicolae_orc_lava_tube

Skill      XL: |  1  2  3  4  5  6  7  8  9 10 11 12 13 14 15 16 17 18 |
---------------+-------------------------------------------------------+-----
Fighting       | 4 5 6 7 8 10 11 12 13 15 16 | 16.8
Armour         | 4 5 6 7 8 10 11 12 13 15 16 | 16.7
Shields        | 4 5 6 7 8 10 11 12 14 16 | 16.9
Maces & Flails | 3 4 5 7 8 10 11 12 13 15 16 | 16.0
Invocations    | 1 5 8 10 12 13 | 13.9
Throwing       | 1 6 8 |  8.9

Action                   |  1- 3 |  4- 6 |  7- 9 | 10-12 | 13-15 | 16-18 | 19-21 || total
-------------------------+-------+-------+-------+-------+-------+-------+-------++-------
Melee: Flail             |    90 |    74 |       |   239 |   935 |       |       ||  1338
       Mace              |       |    94 |   385 |   711 |       |       |       ||  1190
       Morningstar       |       |       |       |       |   485 |  1466 |    22 ||  1973
Throw: Dart              |       |       |       |    23 |     1 |       |       ||    24
       Javelin           |       |       |       |       |     2 |       |       ||     2
Invok: Heroism           |       |       |       |    10 |    17 |     8 |     3 ||    38
       Finesse           |       |       |       |       |     6 |     3 |       ||     9
Evoke: Wand              |       |       |     1 |     6 |     2 |       |       ||     9
       Phial of floods   |       |       |       |       |       |     1 |       ||     1
  Use: Potion            |       |       |     2 |     7 |     2 |     5 |       ||    16
       Scroll            |       |       |       |    18 |    17 |     8 |       ||    43
 Stab: Petrified         |       |       |       |     4 |     1 |       |       ||     5
       Distracted        |       |       |       |       |       |     1 |       ||     1
Armor: Scale mail        |    55 |   107 |    61 |       |       |       |       ||   223
       Chain mail        |       |       |   272 |   528 |   558 |   608 |     8 ||  1974
       Skin              |       |       |       |    24 |       |       |       ||    24
Dodge: Dodged            |    48 |    95 |   226 |   404 |   381 |   413 |    18 ||  1585
Block: Buckler           |    22 |    43 |   105 |   101 |       |       |       ||   271
       Tower shield      |       |       |       |   980 |  1535 |  1765 |    27 ||  4307
       Reflection        |       |       |       |    11 |    32 |    51 |       ||    94
